 Dungeon Crawl Stone Soup version 0.26-a0-639-g72c4674329 (webtiles) character file.

Game seed: 1029916357261914678

88 Borgoz the Skirmisher (level 4, -2/29 HPs)
             Began as a Gargoyle Berserker on Sept 18, 2020.
             Was a Believer of Trog.
             Engulfed by an orc wizard's steam (4 damage)
             ... on level 3 of the Dungeon.
             The game lasted 00:02:28 (3081 turns).

Borgoz the Skirmisher (Gargoyle Berserker)          Turns: 3081, Time: 00:02:29

Health: -2/29      AC:  7    Str: 22    XL:     4   Next: 53%
Magic:  4/4        EV: 12    Int:  7    God:    Trog [**....]
Gold:   210        SH:  0    Dex:  9    Spells: 3/3 levels left

rFire    . . .     SeeInvis .   q - +3 flail
rCold    . . .     Faith    .   (no shield)
rNeg     + . .     Spirit   .   b - +0 animal skin
rPois    ∞         Reflect  .   (no helmet)
rElec    +         Harm     .   o - +0 cloak (curse)
rCorr    .         Rampage  .   (no gloves)
MR       .....                  (no boots)
Stlth    +.........             (no amulet)
HPRegen  0.09/turn              (no ring)
MPRegen  0.09/turn              (no ring)

@: very slow
A: negative energy resistance 1, electricity resistance, unbreathing,
petrification resistance, rot immunity, AC +3
a: Berserk, Trog's Hand, Renounce Religion


You were on level 3 of the Dungeon.
You worshipped Trog.
Trog was pleased with you.
You visited 1 branch of the dungeon, and saw 3 of its levels.

You collected 210 gold pieces.

Inventory:

Hand Weapons
 q - a +3 flail (weapon)
Armour
 b - a +0 animal skin (worn)
 o - a cursed +0 cloak (worn)
Jewellery
 j - an uncursed ring of ice
Scrolls
 a - a scroll of fear {unknown}
 c - a scroll of remove curse {unknown}
 d - a scroll of enchant armour {unknown}
 e - 2 scrolls of identify {unknown}
 f - a scroll of amnesia {unknown}
 h - a scroll of fog {unknown}
 m - a scroll of enchant weapon {unknown}
 n - a scroll of teleportation {unknown}
 p - 2 scrolls of noise {unknown}
Potions
 g - a potion of resistance {unknown}
 i - a potion of might {unknown}
 k - 2 potions of mutation {unknown}
 l - a potion of brilliance {unknown}


   Skills:
 + Level 4.0 Fighting
 + Level 3.6 Maces & Flails
 + Level 3.1 Armour
 + Level 2.3 Dodging


You had 3 spell levels left.
You didn't know any spells.
Your spell library was empty.

Dungeon Overview and Level Annotations

Branches:
Dungeon (3/15)

Altars:
Ashenzari
Makhleb
Uskayaw
Xom
Yredelemnul


Innate Abilities, Weirdness & Mutations

You are resistant to torment.
Your stone body is resilient. (AC +3)
You are immune to poison.
You resist negative energy. (rN+)
You are resistant to electric shocks. (rElec)
You can survive without breathing.
You are immune to petrification.
You are immune to rotting.


Message History

The orc splashes around in the water.
Your unstable footing causes you to fumble your attack.
The orc hits you but does no damage.
The orc throws a boomerang.
The boomerang hits you.
You hit the orc warrior.
The orc warrior is lightly wounded.
The orc throws a boomerang.
The boomerang barely misses you.
The weapon returns to the orc!
The orc throws a boomerang.
The boomerang misses you.
The weapon returns to the orc!
You thump the orc warrior!
The orc warrior is severely wounded.
The orc wizard points at you and mumbles some strange words.
The puff of flame hits you!
* * * LOW HITPOINT WARNING * * *
The orc warrior hits you with a +0 mace.
* * * LOW HITPOINT WARNING * * *
You are too injured to fight recklessly!
Your unstable footing causes you to fumble your attack.
You are engulfed in a cloud of scalding steam.
You die...

.# #.
#.#######.#
.# #
#...†..##.#
.#
######.##.#
.# #
###.##.# .≈
≈≈###......#
≈≈≈≈≈.#.####
≈≈≈≈≈≈≈.##
≈≈≈≈≈≈≈≈§##
≈≈≈≈≈≈≈≈§@#
###≈≈≈≈≈§≈o#
.....≈≈o≈≈o#
####..#≈o≈o#
#........
....!######
###..# #..


You could see an orc warrior, an orc wizard and 3 orcs.

Vanquished Creatures
  An adder (D:2)
  2 oozes
  3 worms (D:2)
  A leopard gecko (D:2)
  4 orcs (D:3)
  5 bats
  6 giant cockroaches
  8 goblins
  3 hobgoblins
  3 jackals (D:3)
  3 quokkas
  4 frilled lizards
  4 kobolds
  5 rats
52 creatures vanquished.

Notes
Turn   | Place    | Note
-------+----------+-------------------------------------------
     0 | D:1      | Borgoz the Gargoyle Berserker began the quest for the Orb.
     0 | D:1      | Reached XP level 1. HP: 14/14 MP: 1/1
   326 | D:1      | Reached XP level 2. HP: 19/19 MP: 2/2
  1036 | D:2      | Reached XP level 3. HP: 10/23 MP: 3/3
  1303 | D:2      | Reached ** piety under Trog
  2160 | D:2      | Reached XP level 4. HP: 26/29 MP: 4/4
  2416 | D:2      | Found a basalt altar of Yredelemnul.
  2419 | D:2      | Found a hide-covered altar of Uskayaw.
  2422 | D:2      | Found a shimmering altar of Xom.
  2704 | D:3      | Reached skill level 4 in Fighting
  2764 | D:3      | Found a shattered altar of Ashenzari.
  2863 | D:3      | Found a burning altar of Makhleb.
  3072 | D:3      | Noticed an orc warrior
  3081 | D:3      | Engulfed by an orc wizard's steam

Illustrated notes

Levels and vault maps discovered:
D:1:      dpeg_arrival_snail, layout_basic, minmay_misc_feat_cross,
          chequers_serial_rivers_large_b, minmay_misc_feat_more_columns,
          minmay_worlds_worst_comb
D:2:      layout_basic, grunt_temple_overflow_diamond
D:3:      wander_river, layout_loops_ring, ashenzari_conservatory_becter,
          overflow_temple_1_default

Skill      XL: |  1  2  3  4 |
---------------+-------------+-----
Dodging        | 2 |  2.3
Fighting       | 4 |  4.0
Armour         | 3 |  3.1
Maces & Flails | |  3.6

Action                   |  1- 3 |  4- 6 || total
-------------------------+-------+-------++-------
Melee: Mace              |   130 |    23 ||   153
       Flail             |       |    46 ||    46
Armor: Animal skin       |    40 |    24 ||    64
Dodge: Dodged            |    88 |    54 ||   142

Table legend: (Time is in decaauts)
 A = Elapsed time spent in this place.
 B = Non-inter-level travel time spent in this place.
 C = Inter-level travel time spent in this place.
 D = Time resting spent in this place.
 E = Time spent auto-exploring this place.
 F = Levels seen in this place.
 G = Mean time per level.
                   A        B        C        D        E       F      G
               +--------+--------+--------+--------+--------+-----+--------+
         Total |   3156 |   3085 |     71 |    704 |   1930 |   3 | 1052.0 |
       Dungeon |   3156 |   3085 |     71 |    704 |   1930 |   3 | 1052.0 |
               +--------+--------+--------+--------+--------+-----+--------+

Top non-repeatable levels by time:
     D:2: 1723 daAuts
     D:1: 1010 daAuts
     D:3: 422 daAuts
